 Dungeon Crawl Stone Soup version 0.30-a0-154-gb106f4c828 (webtiles) character file.

Game seed: 6751599334491308711

53 Malachi the Scratcher (level 3, 0/15 HPs)
             Began as a Felid Transmuter on Sept 27, 2022.
             Slain by a kobold
             ... wielding the +2 hand axe of the Hundredfold Seers {elec, rCorr}
              (9 damage)
             ... on level 2 of the Dungeon.
             The game lasted 00:01:49 (2001 turns).

Malachi the Scratcher (Felid Transmuter)            Turns: 2001, Time: 00:01:49

Health: 0/15       AC:  1    Str:  6    XL:     3   Next: 62%
Magic:  6/7        EV: 17    Int: 16    God:
Gold:   38         SH:  0    Dex: 16    Spells: 5/6 levels left
                                        Lives:  0   Deaths: 0

rFire   . . .      SeeInvis +      - Unarmed
rCold   . . .      Faith    .    (shield unavailable)
rNeg    . . .      Spirit   .    (body armour unavailable)
rPois   .          Reflect  .    (helmet unavailable)
rElec   .          Harm     .    (cloak unavailable)
rCorr   .          Rampage  .    (gloves unavailable)
Will    .....                    (boots unavailable)
Stlth   +.........               b - amulet of the acrobat
HPRegen 0.05/turn                (no ring)
MPRegen 0.10/turn                (no ring)

@: appendages, quick
A: horns 2, very small, claws 1, fangs 3, see invisible, speed 1, shaggy fur 1,
stealthy paws, no weapons or thrown items, no armour, multi-lived
a: End Transformation


You were on level 2 of the Dungeon.
You had temporarily grown beastly horns.
You visited 1 branch of the dungeon, and saw 2 of its levels.

You collected 38 gold pieces.

Inventory:

Jewellery
 b - an amulet of the acrobat (around neck)
Scrolls
 c - a scroll of enchant weapon {unknown}
 d - a scroll of blinking {unknown}
 g - a scroll of immolation {unknown}
Potions
 e - a potion of brilliance {unknown}
 f - a potion of mutation {unknown}


   Skills:
 - Level 1.0 Fighting
 - Level 2.6 Dodging
 + Level 4.7 Unarmed Combat
 - Level 2.0 Spellcasting
 - Level 2.1 Transmutations


You had 5 spell levels left.
You knew the following spells:

 Your Spells              Type           Power      Damage    Failure   Level
a - Beastly Appendage     Tmut           16%        N/A       9%          1

Your spell library contained the following spells:

 Spells                   Type           Power      Damage    Failure   Level
 Wereblood                Tmut           8%         N/A       13%         2
 Spider Form              Tmut/Pois      5%         N/A       36%         3
 Frozen Ramparts          Ice            2%         1d1       52%         3
 Ice Form                 Ice/Tmut       5%         N/A       78%         4
 Summon Ice Beast         Ice/Summ       1%         N/A       90%         4


Dungeon Overview and Level Annotations

Branches:
Dungeon (2/15)

Altars:

Shops:
D:1 =


Innate Abilities, Weirdness & Mutations

You have temporarily grown beastly horns.
You have sharp claws.
You have razor-sharp teeth.
You have supernaturally acute eyesight. (SInv)
You cover ground quickly. (Speed+)
You are covered in fur. (AC +1)
Your paws help you pounce on unaware monsters.
You are incapable of wielding weapons or throwing items.
You cannot wear armour.
You gain extra lives every three experience levels.


Message History

Your horns disappear.
The jackal misses you. The jackal barely misses you.
Okay, then.
Really quaff the potion of lignification?
You turn into a tree.
Your roots penetrate the ground.
The jackal barely misses you.
The jackal bites you but does no damage. x2
Unknown command.
You hit the jackal.
You kill the jackal!
The bat hits you but does no damage.
The jackal bites you but does no damage. x2
You smack the jackal!
You kill the jackal!
The bat hits you.
* * * LOW HITPOINT WARNING * * *
The jackal barely misses you.
You smack the jackal!
You kill the jackal!
The bat hits you but does no damage.
You smack the bat!
You kill the bat!
You start resting.
Your transformation is almost over.
You feel less wooden.
You start resting.
A kobold comes into view.
It is wielding the +2 hand axe of the Hundredfold Seers {elec, rCorr}.
A kobold is nearby!
You see here 8 gold pieces.
Casting: Beastly Appendage (safe; 9% risk of failure)
Press: ? - help, Q - select action Dir - look around, f - activate You grow a pair of large bovine horns.
Unknown command.
The kobold throws a stone.
The stone completely misses you. The kobold misses you.
You see here a +0 scale mail.
You closely miss the kobold.
The kobold hits you with the +2 hand axe of the Hundredfold Seers {elec, rCorr}!
Ouch! That really hurt!
You die...

## !####.#...#.###### ...
#......#..##.######
#..##............##....
#..... #..........#.... #
.....##.......)..#....
... #.....†.............
....##....$.........#....
#.....##....>....#.#....
#.<...K@...#.#..##.#....
.[.###.######...........#
#.. ####.#.####[# ...#
#......# .# #...
#.#.#....... #...
#.#.#...##.# ##. #
#.....# .# #. ###.....
##.####


You could see a kobold.

Vanquished Creatures
  An adder (D:2)
  A dart slug (D:1)
  4 bats
  3 endoplasms
  3 giant cockroaches
  5 goblins
  2 hobgoblins
  4 jackals (D:2)
  3 quokkas (D:1)
  A ball python (D:1)
  4 frilled lizards
  2 kobolds (D:1)
  3 rats
36 creatures vanquished.

Notes
Turn   | Place    | Note
-------+----------+-------------------------------------------
     0 | D:1      | Malachi the Felid Transmuter began the quest for the Orb.
     0 | D:1      | Reached XP level 1. HP: 9/9 MP: 4/4
   171 | D:1      | Found Ciawow's One-of-a-Kind Rings.
   265 | D:1      | Reached XP level 2. HP: 12/12 MP: 4/6
   926 | D:1      | Reached skill level 4 in Unarmed Combat
  1362 | D:1      | Reached XP level 3. HP: 15/15 MP: 7/7
  1994 | D:2      | Identified the +2 hand axe of the Hundredfold Seers {elec,
                  | rCorr}
  2001 | D:2      | Slain by a kobold

Illustrated notes

Levels and vault maps discovered:
D:1:      mrwooster_arrival_statue_2, layout_basic, nicolae_shop_unique_rings,
          minmay_domino_2
D:2:      layout_loops_cross, minmay_misc_feat_enclosed, hangedman_decor_points

Skill      XL: |  1  2 |
---------------+-------+-----
Unarmed Combat | 4 |  4.7
Fighting       | |  1.0
Dodging        | |  2.6
Spellcasting   | |  2.0
Transmutations | |  2.1

Action                   || total
-------------------------++-------
Melee: Unarmed           ||    67
       Headbutt          ||     9
       Bite              ||     8
       Punch             ||     2
 Cast: Beastly Appendage ||    22
  Use: Potion            ||     1
 Stab: Sleeping          ||     2
Armor: Skin              ||     9
Dodge: Dodged            ||    59

Table legend: (Time is in decaauts)
 A = Elapsed time spent in this place.
 B = Non-inter-level travel time spent in this place.
 C = Inter-level travel time spent in this place.
 D = Time resting spent in this place.
 E = Time spent auto-exploring this place.
 F = Levels seen in this place.
 G = Mean time per level.
                   A        B        C        D        E       F      G
               +--------+--------+--------+--------+--------+-----+--------+
         Total |   1828 |   1789 |     39 |    660 |    923 |   2 |  914.0 |
       Dungeon |   1828 |   1789 |     39 |    660 |    923 |   2 |  914.0 |
               +--------+--------+--------+--------+--------+-----+--------+

Top non-repeatable levels by time:
     D:1: 1368 daAuts
     D:2: 460 daAuts
